 Dungeon Crawl Stone Soup version 0.32-a0-699-g1ee5eff (webtiles) character file.

Game seed: 10247999680570294287

184958 squeakweiz the Warrior (level 18, -1/151 HPs)
             Began as a Coglin Monk on Mar 13, 2024.
             Was a High Priest of Okawaru.
             Killed from afar by a naga ritualist (11 damage)
             ... with a splash of poison
             ... on level 2 of the Snake Pit.
             The game lasted 00:58:53 (29153 turns).

squeakweiz the Warrior (Coglin Monk)               Turns: 29153, Time: 00:58:53

Health: -1/151     AC: 31    Str: 21    XL:     18   Next: 2%
Magic:  14/24      EV:  3    Int: 13    God:    Okawaru [*****.]
Gold:   1455       SH:  0    Dex: 21    Spells: 17/17 levels left

rFire   + + .        Y - +3 double sword (heavy) {Si-Tayit}
rCold   + + +        K - +1 double sword (vamp) {Khalidah}
rNeg    . . .        Z - +6 plate armour of Valiance {-Cast Str+3 SInv Stlth+}
rPois   .            R - +0 hat of the Wilderness {Rampage rC++ Int+3 Dex-3}
rElec   .            p - +0 cloak "Beafiogi" {rPois rF+ Str+3}
rCorr   .            j - +2 pair of gloves of the Marlin {Str+3}
SInv    +            O - +2 pair of boots
Will    +....        (amulet unavailable) Stlth
                     (ring unavailable)
HPRegen 0.45/turn    (ring unavailable)
MPRegen 0.19/turn    y
                       - WL-00 cryosamoflange {RevParry, rF+ rC+}

%: no spellcasting, rampage
@: lethally poisoned (-1 -> -16), poison vulnerable, constricted, studying
Spellcasting, revving
A: off-hand wielding, slow wielding, warmup strikes, no jewellery
}: 1/15 runes: decaying
a: Renounce Religion, Heroism, Finesse, Duel


You were on level 2 of the Snake Pit.
You worshipped Okawaru.
Okawaru was extremely pleased with you.
You visited 6 branches of the dungeon, and saw 29 of its levels.
You also visited: Gauntlet and Volcano.

You collected 2586 gold pieces.
You spent 1131 gold pieces at shops.

Inventory:

Hand Weapons
 K - a +1 vampiric double sword (offhand) {Khalidah}
 Q - a +2 scimitar of flaming {Kannika}
 Y - a +3 heavy double sword (weapon) {Si-Tayit}
Missiles
 b - 8 silver javelins
 c - 20 boomerangs (quivered)
 f - a datura-tipped dart
 q - 56 poisoned darts
 s - 3 darts of dispersal
 G - 13 atropa-tipped darts
 L - 4 throwing nets
 N - a curare-tipped dart
 X - 8 javelins
Armour
 j - the +2 pair of gloves of the Marlin (worn) {Str+3}
   (You acquired it on level 2 of the Lair of Beasts)

   Str+3:     It affects your strength (+3).
 p - the +0 cloak "Beafiogi" (worn) {rPois rF+ Str+3}
   (You found it in a Gauntlet)

   Str+3:     It affects your strength (+3).
   rF+:       It protects you from fire.
   rPois:     It protects you from poison.
 r - the +3 leather armour "Weeclaoc" {^Drain rC+ Str+3 Dex+3}
   (You found it on level 4 of the Dungeon)

   Str+3:     It affects your strength (+3).
   Dex+3:     It affects your dexterity (+3).
   rC+:       It protects you from cold.
   ^Drain:    It drains your maximum health when unequipped.
 v - a +1 pair of boots of rampaging
 O - a +2 pair of boots (worn)
 R - the +0 hat of the Wilderness (worn) {Rampage rC++ Int+3 Dex-3}
   (You found it in a Gauntlet)

   Int+3:     It affects your intelligence (+3).
   Dex-3:     It affects your dexterity (-3).
   rC++:      It greatly protects you from cold.
   Rampage:   It bestows one free step when moving towards enemies.
 Z - the +6 plate armour of Valiance (worn) {-Cast Str+3 SInv Stlth+}
   (Okawaru gifted it to you on level 2 of the Lair of Beasts)

   Str+3:     It affects your strength (+3).
   SInv:      It lets you see invisible.
   -Cast:     It prevents spellcasting.
   Stlth+:    It makes you more stealthy.
Gizmo
 y - a WL-00 cryosamoflange (installed) {RevParry, rF+ rC+}
   (You invented it yourself on level 3 of the Lair of Beasts)

   [WL-00 cryosamoflange]

   RevParry:  Your AC increases as you Rev (up to +5) and while fully Revved,
   your attacks may disarm enemies.
   rF+:       It protects you from fire.
   rC+:       It protects you from cold.
Talismans
 P - a talisman of death
 S - a granite talisman
Wands
 a - a wand of digging (5)
 u - a wand of light (10)
 V - a wand of flame (27)
Scrolls
 d - 13 scrolls of teleportation
 l - 4 scrolls of silence
 m - 6 scrolls of poison
 n - 6 scrolls of fog
 o - 4 scrolls of revelation
 w - a scroll of brand weapon
 x - 2 scrolls of blinking
 A - 5 scrolls of enchant armour
 D - a scroll of immolation
 E - 3 scrolls of torment
 U - 2 scrolls of amnesia
 W - 2 scrolls of noise
Potions
 e - 3 potions of enlightenment
 g - 2 potions of cancellation
 h - 4 potions of curing
 i - 2 potions of berserk rage
 k - 4 potions of magic
 t - 8 potions of heal wounds
 z - 2 potions of lignification
 B - 8 potions of mutation
 C - 4 potions of invisibility
 F - 5 potions of haste
 H - 5 potions of attraction
 I - 7 potions of brilliance
 M - 2 potions of might
 T - 2 potions of resistance


   Skills:
 + Level 16.1 Fighting
 - Level 16.0 Long Blades
 * Level 6.2 Throwing
 + Level 8.0 Armour
 + Level 14.8 Dodging
 - Level 8.0 Invocations
 * Level 8.9 Shapeshifting


You had 17 spell levels left.
You didn't know any spells.
Your spell library contained the following spells:

 Spells                   Type           Power      Damage    Failure   Level
 Apportation              Tloc           0%         N/A       99%         1
 Magic Dart               Conj           0%         1d3       99%         1
 Necrotise                Necr           0%         1d4       99%         1
 Sandblast                Erth           0%         2d4       99%         1
 Sting                    Conj/Alch      0%         1d3       99%         1
 Ensorcelled Hibernation  Hex/Ice        0%         N/A       100%        2
 Lesser Beckoning         Tloc           0%         N/A       100%        2
 Mercury Vapours          Alch/Air       0%         N/A       100%        2
 Searing Ray              Conj           0%         2d4       100%        2
 Dazzling Flash           Conj/Hex       0%         N/A       100%        3
 Fugue of the Fallen      Necr           0%         N/A       100%        3
 Gell's Gravitas          Tloc           0%         N/A       100%        3
 Mephitic Cloud           Conj/Alch/Air  0%         N/A       100%        3
 Passwall                 Erth           0%         N/A       100%        3
 Sigil of Binding         Hex            0%         N/A       100%        3
 Stone Arrow              Conj/Erth      0%         3d7       100%        3
 Swiftness                Air            0%         N/A       100%        3
 Teleport Other           Tloc           0%         N/A       100%        3
 Anguish                  Hex/Necr       0%         N/A       100%        4
 Brom's Barrelling Bould  Conj/Erth      0%         2d3       100%        4
 Dimensional Bullseye     Hex/Tloc       0%         N/A       100%        4
 Fulminant Prism          Conj/Alch      0%         3d5       100%        4
 Vhi's Electric Charge    Tloc/Air       0%         N/A       100%        4
 Arcjolt                  Conj/Air       0%         1d10      100%        5
 Freezing Cloud           Conj/Ice/Air   0%         6-21      100%        5
 Plasma Beam              Fire/Air       0%         2x1d10    100%        6
 Starburst                Conj/Fire      0%         6d3       100%        6
 Lehudib's Crystal Spear  Conj/Erth      0%         10d2      100%        8
 Maxwell's Capacitive Co  Air            0%         ∞         100%        8
 Summon Small Mammal      Summ           Unusable   N/A       N/A         1
 Call Canine Familiar     Summ           Unusable   N/A       N/A         3
 Animate Armour           Summ/Erth      Unusable   N/A       N/A         4

Dungeon Overview and Level Annotations

Branches:
Dungeon (15/15)            Temple (1/1) D:7            Lair (5/5) D:11
  Swamp (4/4) Lair:2        Snake (2/4) Lair:3        Slime (0/5) Lair:5
    Orc (2/2) D:11            Elf (0/3) Orc:2        Vaults (0/5) D:14
 Depths (0/4) D:15        Volcano (visited)         Gauntlet (visited)

Altars:
Ashenzari
Cheibriados
Dithmenos
Elyvilon
Fedhas
Gozag
Hepliaklqana
Kikubaaqudgha
Makhleb
Nemelex Xobeh
Okawaru
Qazlal
Ru
Sif Muna
Trog
Uskayaw
Vehumet
Wu Jian
Xom
Yredelemnul
Zin
The Shining One
Beogh

Shops:
D:14 ?   Orc:2 :[*?((*=


Innate Abilities, Weirdness & Mutations

You can wield a second weapon in your off-hand.
It takes a long time for you to wield or remove held weapons.
Your first few attacks do less damage.
You cannot equip rings or amulets.


Message History

The black mamba bites you.
* * * LOW HITPOINT WARNING * * *
You are more poisoned.
The black mamba poisons you!
The naga ritualist calls down the wrath of its god upon you.
You resist with significant effort.
The naga ritualist hits you with a +0 battleaxe!
* * * LOW HITPOINT WARNING * * *
The naga ritualist constricts you.
The black mamba bites you but does no damage. 35의 피해를 받았습니다. 현재 남은 체력은 [21/151] 입니다. 악! 이건 정말로 아프다!
Okay, then.
You feel better.
* * * LOW HITPOINT WARNING * * *
You are poisoned.
* * * LOW HITPOINT WARNING * * *
You are more poisoned.
The naga ritualist's toxic aura wanes.
The black mamba bites you.
* * * LOW HITPOINT WARNING * * *
You are lethally poisoned!
The black mamba poisons you! The naga ritualist spits poison at you.
The splash of poison hits you but does no damage.
You are more poisoned.
The naga ritualist mumbles some strange prayers to its god against you.
You resist with significant effort. The naga ritualist constricts you.
The black mamba bites you but does no damage. 6의 피해를 받았습니다. 현재 남은 체력은 [15/151] 입니다.
You feel better.
* * * LOW HITPOINT WARNING * * *
You are poisoned.
The black mamba bites you!
* * * LOW HITPOINT WARNING * * *
The naga ritualist invokes the aid of its god against you.
You feel yourself grow more vulnerable to poison.
The naga ritualist spits poison at you. The splash of poison hits you!
You are lethally poisoned!
You die...

.# #. # # #.##
.# .. ..# ##..
...## #.##
#..#
#...####..#
#..#
#....#..##S.#
#.<)...@N.#
#..)#)†.N.#
#.†.##.....#
.....###..#..#
......#
..###..#
##...# #..#
#..# ##.. ..##
#... #.. #..
... ..


You could see 2 naga ritualists and a black mamba.

Vanquished Creatures
  A tentacled monstrosity (Swamp:1)
  Mlioglotl (Swamp:2)
  2 thorn hunters
  Frances (Swamp:1)
  Kirke (D:12)
  3 fenstrider witches
  Louise (Snake:1)
  A stone giant (Orc:2)
  The ghost of Tucluoh the Eclecticist, a journeyman DECj of Sif Muna (D:15)
  5 eleionomae
  2 bunyips
  A minotaur (Gauntlet)
  3 ettins (Orc:2)
  The ghost of arrowsters the Zephyrmancer, a journeyman HuAE of Sif Muna (Lair:2)
  3 shambling mangroves
  Harold (D:9)
  16 hydras
  A vault guard (D:14)
  2 catoblepae
  The ghost of Cank the Grappler, a journeyman DrSh of Beogh (Orc:1)
  A rakshasa (D:15)
  An ogre mage (Volcano)
  Erica (D:11)
  5 centaur warriors
  A dancing weapon (D:14)
  8 alligators
  3 boulder beetles
  13 two-headed ogres
  A death scarab (Gauntlet)
  6 death yaks
  A demonic crawler (D:13)
  2 naga warriors
  A shock serpent (Snake:1)
  A soul eater (Gauntlet)
  2 occultists (D:15)
  A hell knight (Volcano)
  2 skysharks (Lair:2)
  A spectral death yak (Gauntlet)
  5 goliath frogs
  6 skeletal warriors
  4 mana vipers
  5 spriggan druids
  A bog body (Swamp:1)
  12 swamp dragons
  A naga ritualist (Snake:1)
  A wolf spider zombie (D:15)
  9 deep elf pyromancers
  A necromancer (D:15)
  5 deep elf zephyrmancers
  An orc knight (D:15)
  3 orc sorcerers
  13 ugly things
  A wolf spider (D:10)
  5 will-o-the-wisps
  17 cyclopes
  A manticore (D:12)
  A centaur zombie (D:15)
  A salamander (Snake:1)
  5 elephants (Lair:4)
  3 meliai (D:15)
  A moth of wrath (D:13)
  Joseph (D:9)
  15 black mambas
  2 molten gargoyles (Volcano)
  A guardian serpent (Snake:1)
  2 centaur skeletons (D:15)
  3 naga magi
  2 gargoyles
  Maggie (D:6)
  A hellion (Gauntlet)
  8 komodo dragons
  21 cane toads
  3 rime drakes
  2 efreet
  A red devil (Gauntlet)
  7 trolls
  2 polar bears
  6 tyrant leeches
  31 blink frogs
  15 dream sheep
  12 hornets
  A centaur simulacrum (D:15)
  4 spriggans (Swamp:1)
  17 slime creatures
  3 wraiths
  7 wyverns
  47 yaks
  5 fire bats
  6 basilisks
  A vampire (D:13)
  3 humans (D:12)
  2 hogs (D:12)
  A warg (Orc:2)
  3 steam dragons
  24 vampire mosquitoes
  A harpy simulacrum (D:15)
  6 nagas
  22 swamp worms
  Edmund (D:6)
  An acid dragon (D:10)
  13 water moccasins
  2 hell hounds (Gauntlet)
  A water moccasin (shapeshifter) (D:14)
  Duvessa (D:5)
  9 swamp drakes
  2 black bears
  16 orc warriors
  An ice beast (D:5)
  2 laughing skulls (D:13)
  18 wolves
  4 ogres
  4 centaurs
  2 kobold brigands
  3 phantoms
  A spectral warg (Orc:1)
  19 bullfrogs
  2 gnoll sergeants (D:10)
  11 wights
  Dowan (D:5)
  5 killer bees (D:9)
  An electric eel (Lair:5)
  2 bombardier beetles
  4 jellies
  7 lava snakes
  A kobold simulacrum (Orc:1)
  10 orc priests
  A gnoll bouda (D:9)
  Crazy Yiuf (D:3)
  5 hounds
  A sleepcap (D:5)
  23 orc wizards
  3 iguanas
  2 spectral orcs (Orc:1)
  7 hell rats (Lair:1)
  A troll simulacrum (Orc:1)
  6 adders
  19 gnolls
  An ogre simulacrum (Orc:1)
  4 shadow imps
  4 white imps
  5 dart slugs
  45 orcs
  2 orc simulacra (Orc:1)
  3 endoplasms
  4 giant cockroaches
  8 goblins
  11 hobgoblins
  4 jackals (D:4)
  20 kobolds
  3 quokkas
  4 ball pythons
  4 bats
  3 frilled lizards
  4 rats
832 creatures vanquished.

Vanquished Creatures (others)
  An eleionoma (Swamp:3)
  4 bloated husks
  A vampire mosquito (Swamp:1)
  A sky beast (D:7)
  An electric eel (D:11)
  22 foxfires
30 creatures vanquished.

Grand Total: 862 creatures vanquished

Notes
Turn   | Place    | Note
-------+----------+-------------------------------------------
     0 | D:1      | squeakweiz the Coglin Monk began the quest for the Orb.
     0 | D:1      | Reached XP level 1. HP: 18/18 MP: 1/1
   118 | D:1      | Reached XP level 2. HP: 24/24 MP: 2/2
   333 | D:1      | Found a faded altar of an unknown god.
   414 | D:1      | Reached XP level 3. HP: 28/29 MP: 3/3
   735 | D:1      | Reached skill level 1 in Armour
   786 | D:2      | Reached XP level 4. HP: 32/35 MP: 4/4
   969 | D:2      | Reached skill level 5 in Long Blades
   977 | D:2      | Reached XP level 5. HP: 14/41 MP: 5/5
  1392 | D:3      | Found a sparkling altar of Nemelex Xobeh.
  1407 | D:3      | You fall into a shaft and drop 1 floor!
  1541 | D:4      | Identified the +3 leather armour "Weeclaoc" {^Drain rC+
                  | Str+3 Dex+3}
  1712 | D:3      | Found a runed translucent door.
  1718 | D:3      | Noticed Crazy Yiuf
  1753 | D:3      | Killed Crazy Yiuf
  1754 | D:3      | Reached XP level 6. HP: 47/47 MP: 6/6
  2673 | D:4      | Found an opulent altar of Gozag.
  2769 | D:4      | Found a stormy altar of Qazlal.
  2858 | D:5      | Entered Level 5 of the Dungeon
  2954 | D:5      | Noticed a two-headed ogre
  2963 | D:5      | HP: 1/47 [two-headed ogre/+0 giant club (13)]
  2968 | D:5      | Killed a two-headed ogre
  2969 | D:5      | Reached XP level 7. HP: 2/52 MP: 7/7
  2969 | D:5      | Reached XP level 8. HP: 3/58 MP: 8/8
  3813 | D:5      | Reached skill level 10 in Long Blades
  3895 | D:5      | Noticed Duvessa
  3896 | D:5      | Noticed Dowan
  3917 | D:5      | Killed Duvessa
  3923 | D:5      | Killed Dowan
  4070 | D:5      | Found a hazy altar of Hepliaklqana.
  4075 | D:5      | Found a shadowy altar of Dithmenos.
  4075 | D:5      | Noticed a shadow
  4286 | D:6      | Noticed a wyvern
  4300 | D:6      | Killed a wyvern
  4301 | D:6      | Reached XP level 9. HP: 14/63 MP: 9/9
  4469 | D:6      | Noticed Edmund
  4472 | D:6      | Noticed a boulder beetle
  4483 | D:6      | Noticed Maggie
  4496 | D:5      | HP: 1/61 [boulder beetle (11)]
  4504 | D:5      | Killed a boulder beetle
  5011 | D:6      | Killed Edmund
  5311 | D:6      | Killed Maggie
  5382 | D:6      | Found an ornate altar of the Wu Jian Council.
  5751 | D:6      | Reached XP level 10. HP: 25/57 MP: 10/10
  6551 | D:7      | Found a staircase to the Ecumenical Temple.
  6591 | Temple   | Entered the Ecumenical Temple
  6752 | D:7      | Found an iron altar of Okawaru.
  6936 | D:7      | Became a worshipper of Warmaster Okawaru
  6936 | D:7      | Reached * piety under Okawaru
  6936 | D:7      | Reached ** piety under Okawaru
  7403 | D:9      | Noticed Joseph
  7409 | D:9      | Killed Joseph
  7545 | D:9      | Noticed a cyclops
  7553 | D:9      | Killed a cyclops
  7554 | D:9      | Reached skill level 5 in Fighting
  7572 | D:9      | Noticed a two-headed ogre
  7594 | D:9      | Killed a two-headed ogre
  7594 | D:9      | Reached *** piety under Okawaru
  7595 | D:9      | Reached skill level 5 in Dodging
  7705 | D:9      | Noticed Harold
  7727 | D:9      | Killed Harold
  7728 | D:9      | Reached XP level 11. HP: 14/83 MP: 11/11
  8029 | D:9      | Reached **** piety under Okawaru
  8346 | D:9      | Noticed a two-headed ogre
  8358 | D:9      | Killed a two-headed ogre
  8444 | D:10     | Entered Level 10 of the Dungeon
  8560 | D:10     | Found a sacrificial altar of Ru.
  8568 | D:10     | Found a broken altar of Ashenzari.
  8575 | D:10     | Found a snail-covered altar of Cheibriados.
  8589 | D:10     | Found a glowing silver altar of Zin.
  8623 | D:10     | Noticed a two-headed ogre
  8633 | D:10     | Killed a two-headed ogre
  8678 | D:10     | Reached ***** piety under Okawaru
  8755 | D:10     | Noticed a wolf spider
  8769 | D:10     | Killed a wolf spider
  9364 | D:10     | Noticed a +0 dagger
  9368 | D:10     | Noticed a +0 short sword
  9368 | D:10     | Noticed a +0 falchion
  9368 | D:10     | Noticed a +0 spear
  9368 | D:10     | Noticed a +0 dagger
  9368 | D:10     | Noticed a +0 falchion
  9369 | D:10     | Noticed a +0 short sword
  9370 | D:10     | Noticed a +0 spear
  9374 | D:10     | Found a hide-covered altar of Uskayaw.
  9972 | D:11     | Received a gift from Okawaru
 10060 | D:11     | Reached XP level 12. HP: 69/96 MP: 12/12
 10086 | D:11     | Noticed Erica
 10090 | D:11     | Killed Erica
 10186 | D:11     | Found a gate leading to a gauntlet.
 10203 | Gauntlet | Entered a Gauntlet
 10203 | Gauntlet | Noticed a soul eater
 10203 | Gauntlet | Found a transporter.
 10203 | Gauntlet | Found a transporter.
 10363 | Gauntlet | Found a transporter.
 10364 | Gauntlet | Found a transporter.
 10376 | Gauntlet | Found a transporter.
 10390 | Gauntlet | Found a transporter.
 10410 | Gauntlet | Found a transporter.
 10425 | Gauntlet | Found a transporter.
 10428 | Gauntlet | Found a transporter.
 10428 | Gauntlet | Noticed a death scarab
 10439 | Gauntlet | Found a transporter.
 10439 | Gauntlet | Found a transporter.
 10475 | Gauntlet | Found a transporter.
 10493 | Gauntlet | Noticed a catoblepas
 10532 | Gauntlet | Killed a soul eater
 10547 | Gauntlet | Killed a death scarab
 10548 | Gauntlet | Reached skill level 10 in Fighting
 10548 | Gauntlet | Reached skill level 1 in Invocations
 10647 | Gauntlet | Identified the +0 cloak "Gujuocid" {Str+2}
 10735 | Gauntlet | Identified the +0 cloak "Beafiogi" {rPois rF+ Str+3}
 10761 | Gauntlet | Noticed a minotaur
 10768 | Gauntlet | Killed a minotaur
 10788 | Gauntlet | Identified the +0 hat of the Wilderness {Rampage rC++ Int+3
                  | Dex-3}
 10932 | D:11     | Noticed a two-headed ogre
 10938 | D:11     | Killed a two-headed ogre
 10938 | D:11     | Received a gift from Okawaru
 10940 | D:11     | Noticed a two-headed ogre
 10944 | D:11     | Killed a two-headed ogre
 10949 | D:11     | Found a staircase to the Orcish Mines.
 11194 | D:11     | Reached skill level 10 in Dodging
 11198 | D:11     | Received a gift from Okawaru
 11215 | D:11     | Reached XP level 13. HP: 24/106 MP: 13/16
 11621 | D:11     | Found a staircase to the Lair.
 11893 | D:12     | Noticed Kirke
 11917 | D:12     | Killed Kirke
 11960 | D:12     | Reached skill level 5 in Invocations
 11991 | D:12     | Received a gift from Okawaru
 13009 | Lair:1   | Entered Level 1 of the Lair of Beasts
 14003 | Lair:2   | Received a gift from Okawaru
 14113 | Lair:2   | Found a transporter.
 14115 | Lair:2   | Found a transporter.
 14139 | Lair:2   | Reached ****** piety under Okawaru
 14158 | Lair:2   | Acquired a +1 heavy double sword
 14158 | Lair:2   | Received a gift from Okawaru
 14159 | Lair:2   | Acquired the +6 plate armour of Valiance {-Cast Str+3 SInv
                  | Stlth+}
 14159 | Lair:2   | Received a gift from Okawaru
 14265 | Lair:2   | Found a transporter.
 14269 | Lair:2   | Found a transporter.
 14269 | Lair:2   | Noticed arrowsters's ghost (journeyman HuAE)
 14299 | Lair:2   | Identified a scroll of acquirement
 14299 | Lair:2   | Acquired the +2 pair of gloves of the Marlin {Str+3}
 14501 | Lair:2   | Reached XP level 14. HP: 30/111 MP: 19/19
 14503 | Lair:2   | HP: 5/111 [spriggan druid/stone arrow (25)]
 14513 | Lair:2   | Received a gift from Okawaru
 14823 | Lair:2   | Found a staircase to the Swamp.
 15326 | Lair:2   | Killed arrowsters's ghost
 15757 | Lair:3   | Received a gift from Okawaru
 15832 | Lair:3   | Found a staircase to the Snake Pit.
 16069 | Lair:3   | Acquired a WL-00 cryosamoflange {RevParry, rF+ rC+}
 16741 | Lair:5   | Entered Level 5 of the Lair of Beasts
 16843 | Lair:5   | Received a gift from Okawaru
 16971 | Lair:5   | Reached skill level 15 in Long Blades
 16991 | Lair:5   | Reached XP level 15. HP: 57/125 MP: 21/21
 17247 | Lair:5   | Received a gift from Okawaru
 17296 | Lair:5   | Identified the +8 dagger of Linearity {freeze, rElec Str+2}
 17996 | Lair:5   | Found a staircase to the Slime Pits.
 18105 | Lair:5   | Identified the staff "Lexirch" {Conj Necro}
 18228 | Orc:1    | Entered Level 1 of the Orcish Mines
 18233 | Orc:1    | Found a runed translucent gate.
 18233 | Orc:1    | Found a runed translucent gate.
 18233 | Orc:1    | Found a runed translucent gate.
 18509 | Orc:1    | Noticed Cank's ghost (journeyman DrSh)
 18526 | Orc:1    | Killed Cank's ghost
 18526 | Orc:1    | Received a gift from Okawaru
 18593 | Orc:2    | Entered Level 2 of the Orcish Mines
 18621 | Orc:2    | Found Fastann's Book Boutique.
 18633 | Orc:2    | Found a dark tunnel.
 18642 | Volcano  | Entered a volcano
 18876 | Volcano  | Found a burning altar of Makhleb.
 18887 | Volcano  | Reached skill level 1 in Shapeshifting
 19084 | Orc:2    | Found Gaygall's General Store.
 19400 | Orc:1    | Found a roughly hewn altar of Beogh.
 19443 | Orc:2    | Bought a scroll of blinking for 120 gold pieces
 19448 | Orc:2    | Found a staircase to the Elven Halls.
 19448 | Orc:2    | Found Til Onac's Antique Weapon Boutique.
 19645 | Orc:2    | Found Xysec's Antique Weapon Shop.
 19787 | Orc:2    | Found Zingah's Jewellery Shop.
 19805 | Orc:2    | Found Icsegr Nisapn's Magic Scroll Boutique.
 19813 | Orc:2    | Bought a scroll of acquirement for 624 gold pieces
 19813 | Orc:2    | Bought a scroll of teleportation for 36 gold pieces
 19813 | Orc:2    | Bought a scroll of teleportation for 36 gold pieces
 19813 | Orc:2    | Bought a scroll of enchant armour for 90 gold pieces
 19813 | Orc:2    | Acquired a +1 vampiric double sword
 19826 | Orc:2    | Found Lygaamib's Antique Armour Shoppe.
 19844 | Orc:2    | Received a gift from Okawaru
 19850 | Orc:2    | Found Comaoha's General Store.
 19855 | Orc:2    | Bought a scroll of revelation for 75 gold pieces
 20918 | D:13     | Received a gift from Okawaru
 20930 | D:13     | Identified the +9 sling "Fish" {antimagic, ^Fragile Will+
                  | SInv}
 20989 | D:13     | Reached XP level 16. HP: 32/134 MP: 20/22
 21172 | D:14     | Reached skill level 5 in Armour
 21248 | D:14     | Found Xocoth's Magic Scroll Shoppe.
 21264 | D:14     | Bought a scroll of identify for 30 gold pieces
 21264 | D:14     | Bought a scroll of fear for 60 gold pieces
 21264 | D:14     | Bought a scroll of identify for 30 gold pieces
 21264 | D:14     | Bought a scroll of identify for 30 gold pieces
 21329 | D:14     | Reached skill level 15 in Fighting
 21330 | D:14     | Received a gift from Okawaru
 21409 | D:14     | Found a gate to the Vaults.
 21424 | D:14     | Reached skill level 5 in Shapeshifting
 21682 | D:14     | Found a shimmering blue altar of Sif Muna.
 21835 | D:15     | Entered Level 15 of the Dungeon
 21951 | D:15     | Found a runed translucent gate.
 21952 | D:15     | Found a runed translucent gate.
 21953 | D:15     | Found a runed translucent gate.
 21955 | D:15     | Noticed Tucluoh's ghost (journeyman DECj)
 21977 | D:15     | Killed Tucluoh's ghost
 22109 | D:15     | Found a sacrificial altar of Ru.
 22177 | D:15     | Received a gift from Okawaru
 22667 | D:15     | Found a staircase to the Depths.
 23052 | Swamp:1  | Entered Level 1 of the Swamp
 23054 | Swamp:1  | Noticed a fenstrider witch
 23135 | Swamp:1  | Paralysed by a fenstrider witch for 5 turns
 23145 | Swamp:1  | Killed a fenstrider witch
 23147 | Swamp:1  | Noticed a tentacled monstrosity
 23375 | Swamp:1  | Killed a tentacled monstrosity
 23542 | Swamp:1  | Noticed Frances
 23548 | Swamp:1  | Killed Frances
 23565 | Swamp:1  | Reached skill level 1 in Throwing
 23663 | Swamp:1  | Received a gift from Okawaru
 24166 | Swamp:2  | Noticed Mlioglotl
 24250 | Swamp:2  | Killed Mlioglotl
 24262 | Swamp:2  | Reached XP level 17. HP: 141/142 MP: 23/23
 25044 | Swamp:3  | Paralysed by a fenstrider witch for 2 turns
 25059 | Arena    | Entered the Arena
 25144 | Swamp:3  | Received a gift from Okawaru
 25943 | Swamp:4  | Entered Level 4 of the Swamp
 26721 | Swamp:4  | Reached skill level 5 in Throwing
 27109 | Swamp:4  | Received a gift from Okawaru
 27557 | Swamp:4  | Got a decaying rune of Zot
 27941 | Snake:1  | Entered Level 1 of the Snake Pit
 28161 | Snake:1  | Noticed Louise
 28171 | Snake:1  | Killed Louise
 28413 | Snake:1  | Received a gift from Okawaru
 29140 | Snake:2  | Reached XP level 18. HP: 140/151 MP: 12/24
 29153 | Snake:2  | Killed from afar by a naga ritualist

Illustrated notes

Levels and vault maps discovered:
D:1:      noname_arrival_rooms_in_the_neighbourhood, layout_basic,
          dreamdust_ecumenical_altar_angels_and_demons
D:2:      layout_basic, nicolae_elevator_lobby_asterisk
D:3:      layout_rooms, mainiacjoe_overflow_alcove_1, corner_web_ring,
          grunt_decor_clamped, uniq_crazy_yiuf_cottage
D:4:      layout_gridville, gammafunk_temple_overflow_statue,
          nicolae_letterblocks [nicolae_letter_subblock,
          nicolae_letter_subblock, nicolae_letter_subblock,
          nicolae_letter_subblock, nicolae_letter_subblock,
          nicolae_letter_subblock, nicolae_letter_subblock,
          nicolae_letter_subblock, nicolae_letter_subblock,
          nicolae_letter_subblock, nicolae_letter_subblock,
          nicolae_letter_subblock, nicolae_letter_subblock,
          nicolae_letter_subblock, nicolae_letter_subblock,
          nicolae_letter_subblock, nicolae_letter_subblock,
          nicolae_letter_subblock, nicolae_letter_subblock,
          nicolae_letter_subblock, nicolae_letter_subblock,
          nicolae_letter_subblock, nicolae_letter_subblock,
          nicolae_letter_subblock, nicolae_letter_subblock]
D:5:      layout_layer_cave, riverfiend_overflow_shadow_ancestor, uniq_duvessa
D:6:      layout_loops_cross, pdpol_wu_jian_five_deadly_venoms,
          minmay_manual_monstrance, uniq_maggie, uniq_edmund
D:7:      layout_loops_ring, okawaru_altar_gauntlet_db, lemuel_temple_firewalk_b
D:8:      layout_cave_pools, kennysheep_dice
D:9:      layout_rooms, minmay_three_doors, uniq_harold, uniq_joseph
D:10:     layout_loops_ring, nicolae_uskayaw_en_pointe,
          grunt_temple_overflow_cloverleaf, dreamdust_deal_with_the_devil,
          lightli_fourway_metalbox
D:11:     layout_roguey, grunt_lair_entry_orc_guard_hut, david_orc_3,
          gauntlet_entry_generic, elves_outpost_lemuel, uniq_erica
D:12:     layout_cave_pods, minmay_misc_feat_x, uniq_kirke
D:13:     layout_loops_cross, worms_lemuel
D:14:     layout_long_grid, erik_vaults_1, serial_shops, nicolae_shop_stone,
          hellmonk_sif_muna_bookshelves
D:15:     grunt_enter_depths_magical_seal, layout_irregular_city,
          ebering_ghost_rock_garden, hangedman_ru_absence
Temple:   compressed_dpeg_circular_temple
Lair:1:   layout_cave_shapes, serial_bayou_crossing
Lair:2:   gammafunk_boulding_lane, layout_chaotic_city,
          mainiacjoe_swamp_entry_angry_trees, gammafunk_ghost_arena,
          eino_small_chamber_without_monster, chequers_serial_rivers_room_b,
          guppyfry_lair_drakes
Lair:3:   layout_roguey, guppyfry_snake_entry_island
Lair:4:   layout_loops_ring
Lair:5:   minmay_lair_end_frog_pond, layout_cave_pods,
          minmay_slime_entry_pillars, st_stairs_3,
          chequers_serial_rivers_small_a, serial_bayou_shore_b
Swamp:1:  layout_falls_marsh, nicolae_swamp_round_clearing, swamp_pool_3,
          nicolae_swamp_super_fun_site, uniq_frances
Swamp:2:  layout_basic_swamp, nicolae_swamp_decorative_isthmus, uniq_mlioglotl
Swamp:3:  nicolae_swamp_wrong_neighborhood, layout_falls_marsh,
          hangedman_swamp_pad, swamp_pool_1_2
Swamp:4:  swamp, layout_basic_swamp, swamp_pool_1_2, nicolae_swamp_tree_isthmus,
          nicolae_swamp_treefoil, lightli_tree_ring, infiniplex_staircase_pool_2
Snake:1:  layout_chambers, uniq_louise
Snake:2:  layout_layer_cave, basic_altar, drop_trap, nicolae_specific_store
Orc:1:    layout_diamond_mine, gammafunk_ghost_necromancy, basic_altar
Orc:2:    grunt_orc_gardens, layout_diamond_mine, grunt_orc_garden,
          grunt_orc_garden, grunt_orc_garden, grunt_orc_garden, serial_shops,
          nicolae_book_shop_shelving, nicolae_shop_just_a_little_nook,
          shop_scrolls, shop, nicolae_volcano_entry_batcave

Skill      XL: |  1  2  3  4  5  6  7  8  9 10 11 12 13 14 15 16 17 18 |
---------------+-------------------------------------------------------+-----
Long Blades    | 4 5 8 11 13 14 15 16 | 16.0
Armour         | 1 2 3 4 6 7 8 |  8.0
Dodging        | 6 8 10 11 12 13 14 | 14.8
Fighting       | 6 9 11 12 13 14 15 16 | 16.1
Invocations    | 4 6 8 |  8.0
Shapeshifting  | 3 7 8 |  8.9
Throwing       | 2 6 |  6.2

Action                     |  1- 3 |  4- 6 |  7- 9 | 10-12 | 13-15 | 16-18 || total
---------------------------+-------+-------+-------+-------+-------+-------++-------
  Melee: Falchion          |    62 |    48 |       |       |       |       ||   110
         Dagger            |    58 |   197 |   411 |   243 |       |       ||   909
         Scimitar          |       |       |     7 |   458 |   745 |    62 ||  1272
         Double sword      |       |       |       |       |   587 |  1067 ||  1654
  Throw: Dart              |       |     6 |     3 |    22 |       |       ||    31
         Throwing net      |       |     1 |       |       |       |       ||     1
         Boomerang         |       |       |       |       |    12 |    23 ||    35
         Javelin           |       |       |       |       |     1 |       ||     1
 Invoke: Heroism           |       |       |       |     4 |     5 |     9 ||    18
         Receive Weapon    |       |       |       |       |     1 |       ||     1
         Receive Armour    |       |       |       |       |     1 |       ||     1
         Duel              |       |       |       |       |       |     1 ||     1
Ability: Invent Gizmo      |       |       |       |       |     1 |       ||     1
  Evoke: Wand              |       |       |       |       |     6 |       ||     6
    Use: Potion            |       |       |       |     6 |     2 |     6 ||    14
         Scroll            |       |       |       |    12 |    14 |    11 ||    37
   Stab: Sleeping          |       |     1 |     1 |     3 |     1 |       ||     6
         Held in net/web   |       |     1 |       |       |       |       ||     1
         Invisible         |       |       |     3 |       |     1 |       ||     4
         Distracted        |       |       |       |     1 |       |       ||     1
         Confused          |       |       |       |       |       |     1 ||     1
 Armour: Robe              |     6 |       |       |       |       |       ||     6
         Leather armour    |    17 |    56 |   123 |   199 |    73 |       ||   468
         Scale mail        |    35 |    41 |       |       |       |       ||    76
         Plate armour      |       |       |       |       |   560 |   965 ||  1525
  Dodge: Dodged            |    41 |    76 |    99 |   237 |   388 |   510 ||  1351

Table legend: (Time is in decaauts)
 A = Elapsed time spent in this place.
 B = Non-inter-level travel time spent in this place.
 C = Inter-level travel time spent in this place.
 D = Time resting spent in this place.
 E = Time spent auto-exploring this place.
 F = Levels seen in this place.
 G = Mean time per level.
                   A        B        C        D        E       F      G
               +--------+--------+--------+--------+--------+-----+--------+
         Total |  29067 |  27517 |   1550 |   7290 |  14461 |  32 |  908.3 |
       Dungeon |  14995 |  14228 |    767 |   3655 |   7799 |  15 |  999.7 |
        Temple |      1 |      1 |      0 |      0 |      0 |   1 |    1.0 |
          Lair |   5731 |   5276 |    455 |   1053 |   3152 |   5 | 1146.2 |
         Swamp |   4668 |   4512 |    156 |   1836 |   1847 |   4 | 1167.0 |
     Snake Pit |   1102 |   1092 |     10 |     94 |    849 |   2 |  551.0 |
  Orcish Mines |   1415 |   1254 |    161 |    292 |    673 |   2 |  707.5 |
       Volcano |    427 |    427 |      0 |      0 |    111 |   1 |  427.0 |
      Gauntlet |    705 |    705 |      0 |    343 |     30 |   1 |  705.0 |
         Arena |     20 |     20 |      0 |     16 |      0 |   1 |   20.0 |
               +--------+--------+--------+--------+--------+-----+--------+

Top non-repeatable levels by time:
  Lair:2: 1840 daAuts
 Swamp:3: 1795 daAuts
     D:5: 1663 daAuts
    D:11: 1578 daAuts
    D:10: 1480 daAuts
  Lair:5: 1388 daAuts
     D:6: 1323 daAuts
 Swamp:4: 1207 daAuts
 Snake:1: 1075 daAuts
    D:15: 1067 daAuts
  Lair:1: 1006 daAuts
     D:4: 946 daAuts
     D:7: 944 daAuts
 Swamp:1: 935 daAuts
     D:9: 925 daAuts
